 Dungeon Crawl Stone Soup version 0.18.1-48-g4cf74bf (webtiles) character file.

99 djnw the Caller (level 4, -2/30 HPs)
             Began as a Mummy Summoner on Aug 23, 2016.
             Shot with an arrow by a centaur (10 damage)
             ... on level 3 of the Dungeon.
             The game lasted 00:07:28 (2250 turns).

djnw the Caller (Mummy Summoner)                    Turns: 2250, Time: 00:07:29

Health: -2/30      AC:  3    Str: 11    XL:     4   Next: 45%
Magic:  7/8        EV: 12    Int: 15    God:
Gold:   83         SH:  0    Dex: 12    Spells: 3 memorised, 3 levels left

rFire  . . .     SeeInvis .     e - +2 spear (venom)
rCold  . . .     Gourm    .     a - +0 robe
rNeg   + + +     Faith    .     (no shield)
rPois  ∞         Spirit   .     g - +0 helmet
rElec  .         Dismiss  .     (no cloak)
rCorr  .         Reflect  .     (no gloves)
SustAt .         Harm     .     (no boots)
MR     .....                    (no amulet)
Stlth  ++........               (no ring)
                                i - ring of fire

@: not resistant to hostile enchantments, unstealthy
A: no food or potions, fire vulnerability, cold resistance 1, negative energy
resistance 3, torment resistance, unbreathing
a: no special abilities


You were on level 3 of the Dungeon.
You were not hungry.

You visited 1 branch of the dungeon, and saw 3 of its levels.

You collected 83 gold pieces.

Inventory:

Hand Weapons
 d - a +0 club
 e - a +2 spear of venom (weapon)
Armour
 a - a +0 robe (worn)
 g - a +0 helmet (worn)
Jewellery
 i - a ring of fire (left hand)
Scrolls
 c - a scroll of immolation
 f - a scroll of teleportation
 h - a scroll of remove curse
 j - a scroll of identify
Books
 b - a book of Callings

   Spells                             Type                      Level
   a - Summon Small Mammal            Summoning                    1
   b - Call Imp                       Summoning                    2
   c - Call Canine Familiar           Summoning                    3
   d - Summon Guardian Golem          Hexes/Summoning              3
   e - Summon Lightning Spire         Summoning/Air                4
   f - Summon Ice Beast               Ice/Summoning                4


   Skills:
 - Level 1.5 Dodging
 - Level 1.5 Stealth
 + Level 3.0 Spellcasting
 * Level 4.4 Summonings


You had 3 spell levels left.
You knew the following spells:

 Your Spells              Type           Power        Failure   Level  Hunger
a - Summon Small Mammal   Summ           ###.         3%          1    N/A
b - Call Imp              Summ           ###.....     6%          2    N/A
c - Call Canine Familiar  Summ           ###.....     12%         3    N/A

Dungeon Overview and Level Annotations

Branches:
Dungeon (3/15)

Altars:


Innate Abilities, Weirdness & Mutations

You do not eat or drink.
Your flesh is vulnerable to fire.
You are immune to poison.
Your flesh is cold resistant.
You are immune to negative energy.
You are immune to unholy pain and torment.
You can survive without breathing.


Message History

You hear the slow rusting of a distant drain.
You hit the adder.
The adder is poisoned.
The adder is lightly wounded.
The adder bites you.
You hit the adder but do no damage.
The adder looks even sicker.
The adder is moderately wounded.
The adder closely misses you.
Your hound closely misses the adder.
The adder barely misses you.
You hit the adder.
You kill the adder!
Your Spellcasting skill increases to level 3!
Your crimson imp disappears in a puff of smoke!
Okay, then.
A centaur comes into view.
The centaur shouts!
The centaur wields a shortbow.
The centaur shoots an arrow.
The arrow hits you!
* * * LOW HITPOINT WARNING * * *
You see here an arrow.
The centaur shoots an arrow.
The arrow hits you!
You die...

......†............#
.................####.#
.................##.h.#
...........#####.#.5####
#c........# #.#..#...
#.........# #........
#.........# #...##..§
##.........# ###......
?......@(h.# #...####.
.....####### ########[
..... #...<.. # #######
# # # # #


You could see a centaur and a friendly hound.

Vanquished Creatures
  3 adders
  An ooze (D:1)
  2 worms (D:2)
  2 dart slugs
  2 giant geckos (D:2)
  5 giant cockroaches
  8 goblins
  5 hobgoblins
  2 kobolds
  A quokka (D:2)
  A bat (D:1)
  2 giant newts (D:1)
  3 rats (D:1)
37 creatures vanquished.

Vanquished Creatures (collateral kills)
  An adder (D:3)
  4 dart slugs
  A bat (D:1)
  A giant cockroach (D:3)
  2 goblins (D:1)
  2 hobgoblins
  A kobold (D:3)
  2 giant newts
14 creatures vanquished.

Vanquished Creatures (others)
  A kobold (D:3)
1 creature vanquished.

Grand Total: 52 creatures vanquished

Notes
Turn   | Place    | Note
--------------------------------------------------------------
     0 | D:1      | djnw the Mummy Summoner began the quest for the Orb.
     0 | D:1      | Reached XP level 1. HP: 13/13 MP: 3/3
   781 | D:1      | Reached XP level 2. HP: 19/19 MP: 5/5
  1130 | D:1      | Reached XP level 3. HP: 17/24 MP: 6/6
  1247 | D:1      | Reached skill level 4 in Summonings
  1339 | D:1      | Learned a level 2 spell: Call Imp
  1343 | D:1      | Learned a level 3 spell: Call Canine Familiar
  1951 | D:2      | Reached XP level 4. HP: 30/30 MP: 8/8
  2248 | D:3      | Noticed a centaur
  2250 | D:3      | Shot with an arrow by a centaur

Skill      XL: |  1  2  3  4 |
---------------+-------------+-----
Summonings     | 4 |  4.4
Spellcasting   | 3 |  3.0
Dodging        | |  1.5
Stealth        | |  1.5

Action                   |  1- 3 |  4- 6 || total
-------------------------+-------+-------++-------
Melee: Spear             |    68 |    25 ||    93
       Club              |     5 |       ||     5
 Cast: Summon Small Mamm |    18 |       ||    18
       Call Imp          |     4 |     4 ||     8
       Call Canine Famil |     2 |     3 ||     5
  Use: Scroll            |     5 |     3 ||     8
 Stab: Sleeping          |     2 |       ||     2
Armor: Robe              |    12 |     3 ||    15
Dodge: Dodged            |    41 |    13 ||    54
